 Dungeon Crawl Stone Soup version 0.28.0-45-g0d030f2227 (webtiles) character file.

Game seed: 10683259176122582547

69 sanboga the Shield-Bearer (level 4, 0/29 HPs)
             Began as a Gargoyle Fighter on Apr 4, 2022.
             Slain by a phantom (4 damage)
             ... on level 2 of the Dungeon.
             The game lasted 00:01:14 (1002 turns).

sanboga the Shield-Bearer (Gargoyle Fighter)        Turns: 1002, Time: 00:01:14

Health: 0/29       AC: 10    Str: 21    XL:     4   Next: 20%
Magic:  4/4        EV:  9    Int:  9    God:
Gold:   136        SH:  4    Dex:  9    Spells: 3/3 levels left

rFire   . . .      SeeInvis .   a - +0 war axe
rCold   . . .      Faith    .   c - +0 buckler
rNeg    + . .      Spirit   .   b - +0 scale mail
rPois   ∞          Reflect  .   (no helmet)
rElec   +          Harm     .   (no cloak)
rCorr   .          Rampage  .   (no gloves)
Will    .....                   (no boots)
Stlth   ..........              (no amulet)
HPRegen 0.09/turn               (no ring)
MPRegen 0.09/turn               (no ring)

@: no status effects
A: sickness immunity, AC +3, negative energy resistance 1, electricity
resistance, torment resistance 1, petrification resistance
a: no special abilities


You were on level 2 of the Dungeon.
You visited 1 branch of the dungeon, and saw 2 of its levels.

You collected 136 gold pieces.

Inventory:

Hand Weapons
 a - a +0 war axe (weapon)
Armour
 b - a +0 scale mail (worn)
 c - a +0 buckler (worn)
Scrolls
 g - 2 scrolls of teleportation {unknown}
 h - a scroll of vulnerability {unknown}
Potions
 d - a potion of might
 e - 3 potions of heal wounds {unknown}
 f - 3 potions of curing {unknown}


   Skills:
 + Level 3.8 Fighting
 * Level 2.8 Axes
 + Level 3.7 Armour
 + Level 3.8 Shields


You had 3 spell levels left.
You didn't know any spells.
Your spell library contained the following spells:

 Spells                   Type           Power      Damage    Failure   Level
 Poisonous Vapours        Pois/Air       0%         N/A       91%         2
 Static Discharge         Conj/Air       0%         N/A       91%         2
 Ignite Poison            Fire/Tmut/Pois 0%         N/A       99%         3
 Spider Form              Tmut/Pois      0%         N/A       99%         3
 Alistair's Intoxication  Tmut/Pois      0%         N/A       100%        5
 Lightning Bolt           Conj/Air       0%         1d11      100%        5
 Maxwell's Capacitive Co  Air            0%         ∞         100%        8


Dungeon Overview and Level Annotations

Branches:
Dungeon (2/15)

Altars:


Innate Abilities, Weirdness & Mutations

You are immune to sickness and miasma.
Your stone body is resilient. (AC +3)
You are immune to poison.
You resist negative energy. (rN+)
You are resistant to electric shocks. (rElec)
You are resistant to unholy torment.
You are immune to petrification.


Message History

You are too injured to fight recklessly!
You are too injured to fight recklessly!
You are too injured to fight recklessly!
You are too injured to fight recklessly!
You closely miss the phantom.
The phantom is moderately damaged.
A ball python comes into view.
The phantom closely misses you.
The ball python moves out of view.
You barely miss the phantom.
The phantom is moderately damaged.
The phantom closely misses you.
You hit the phantom but do no damage.
The phantom is moderately damaged.
The phantom hits you but does no damage.
The phantom closely misses you.
You closely miss the phantom.
The phantom is moderately damaged.
The phantom hits you.
You miss the phantom.
The phantom is moderately damaged.
The phantom hits you but does no damage.
You closely miss the phantom.
The phantom is moderately damaged.
You block the phantom's attack.
The phantom hits you but does no damage.
You barely miss the phantom.
The phantom is moderately damaged.
You block the phantom's attack.
You slash the phantom!
The phantom is severely damaged.
The phantom hits you!
* * * LOW HITPOINT WARNING * * *
The phantom closely misses you.
You hit the phantom but do no damage.
The phantom is severely damaged.
The phantom barely misses you.
The phantom hits you but does no damage.
There is a stone staircase leading up here.
The phantom hits you.
You die...

#............. #.
................##.##
................ ...#
.....)..........##..#
.....#'###+#.. ..#..# ..
.#####.# #.#.###.#..# ...
.....#.# #.......#.)#....
.###.#.## #........<....
... #..####....@........
#....#..†.......W†.......
........###......#.......
..#.##.## #.######...#.##
.#..... .... #...#.#
..#.####.## ..... #.....
... ...... #> ... ...
.####. #..#. ##..


You could see a phantom.

Vanquished Creatures
  2 adders (D:2)
  A worm (D:2)
  4 ball pythons (D:1)
  4 bats
  5 endoplasms
  4 giant cockroaches
  5 goblins
  7 hobgoblins
  3 kobolds
  A quokka (D:1)
  A frilled lizard (D:1)
  5 rats
42 creatures vanquished.

Notes
Turn   | Place    | Note
-------+----------+-------------------------------------------
     0 | D:1      | sanboga the Gargoyle Fighter began the quest for the Orb.
     0 | D:1      | Reached XP level 1. HP: 14/14 MP: 1/1
    61 | D:1      | Reached XP level 2. HP: 17/19 MP: 2/2
    87 | D:1      | Found a faded altar of an unknown god.
   141 | D:1      | Got the Volume of Poison
   417 | D:1      | Reached XP level 3. HP: 19/23 MP: 3/3
   977 | D:2      | Reached XP level 4. HP: 27/29 MP: 4/4
   977 | D:2      | Noticed a phantom
  1002 | D:2      | Slain by a phantom

Illustrated notes

Levels and vault maps discovered:
D:1:      lightli_iron_boxes, layout_rooms, shapermc_ecumenical_altar_venn
D:2:      layout_basic

Skill      XL: |  1 |
---------------+----+-----
Axes           | 2 |  2.8
Fighting       | |  3.8
Armour         | |  3.7
Shields        | |  3.8

Action                   |  1- 3 |  4- 6 || total
-------------------------+-------+-------++-------
Melee: War axe           |    73 |    23 ||    96
Armor: Scale mail        |    37 |    19 ||    56
Dodge: Dodged            |    35 |    14 ||    49
Block: Buckler           |    23 |     7 ||    30
